 Dungeon Crawl Stone Soup version 0.16-a0-1794-gf7beed7 (webtiles) character file.

289529 timbw the Fencer (level 19, -1/157 HPs)
             Began as a Demigod Assassin on Nov 1, 2014.
             Killed from afar by a naga ritualist (10 damage)
             ... with a lance of force
             ... on level 5 of the Snake Pit on Nov 2, 2014.
             The game lasted 03:34:31 (30133 turns).

timbw the Fencer (Demigod Assassin)                Turns: 30133, Time: 03:34:31

Health: -1/157     AC: 16    Str: 14    XL:     19   Next: 48%
Magic:  36/36      EV: 33    Int: 17    God:
Gold:   1636       SH:  0    Dex: 29    Spells: 6 memorised, 2 levels left

rFire  . . .     SeeInvis +     a - +10 great sword of the Land of Plenty {slice, rN+ MR+}
rCold  + . .     Clarity  .     L - +0 troll leather armour
rNeg   + + .     SustAb   +     (no shield)
rPois  .         Gourm    .     M - +4 helmet of the Forgotten Dances {Str+2 Int+1}
rElec  .         Spirit   .     m - +2 cloak {+Inv}
rCorr  .         Warding  +     C - +0 pair of gloves
rMut   .         Stasis   .     T - +2 pair of boots
MR     ++...                    s - amulet of Veafum {Ward rN+ Int+1 SInv}
Stlth  +++++++...               D - ring of protection from cold
                                f - +3 ring of evasion

@: lethally poisoned, very resistant to hostile enchantments, extremely stealthy
A: weak 1, sustain abilities
a: Evoke Invisibility
}: 1/15 runes: barnacled


You were on level 5 of the Snake Pit.
You were hungry.

You visited 7 branches of the dungeon, and saw 42 of its levels.
You visited 1 bazaar.
You also visited: Ice Cave and Volcano.

You collected 4607 gold pieces.
You spent 2971 gold pieces at shops.

Inventory:

Hand weapons
 a - the +10 great sword of the Land of Plenty (weapon) {slice, rN+ MR+}
   (You bought it in a shop on level 4 of the Orcish Mines)

   It inflicts extra damage upon your enemies.
   It protects you from negative energy.
   It affects your resistance to hostile enchantments.
 b - the +11 dagger of Edaenug {pierce, MR+}
   (You found it on level 5 of the Shoals)

   It inflicts extra damage upon your enemies.
   It affects your resistance to hostile enchantments.
 o - a +8 blowgun
Missiles
 p - 4 throwing nets (quivered)
 G - 7 needles of paralysis
 K - 7 curare-tipped needles
Armour
 m - a +2 cloak of invisibility (worn)
 C - a +0 pair of gloves (worn)
 L - a +0 troll leather armour (worn)
 M - the +4 helmet of the Forgotten Dances (worn) {Str+2 Int+1}
   (You acquired it on level 1 of the Snake Pit)

   It affects your strength (+2).
   It affects your intelligence (+1).
 T - a +2 pair of boots (worn)
Jewellery
 c - an uncursed amulet of resist corrosion
 f - a +3 ring of evasion (left hand)
 s - the amulet of Veafum (around neck) {Ward rN+ Int+1 SInv}
   (You bought it in a shop on level 4 of the Orcish Mines)

   [amulet of warding]

   It may prevent the melee attacks of summoned creatures.
   It affects your intelligence (+1).
   It protects you from negative energy.
   It enhances your eyesight.
 v - an uncursed ring of teleportation
 D - a ring of protection from cold (right hand)
 N - the ring of Impatience {-Cast +Blink MR+ Slay-3 Stlth+}
   (You found it on level 5 of the Lair of Beasts)

   [ring of protection from magic]

   It affects your accuracy and damage with ranged weapons and melee attacks
   (-3).
   It affects your resistance to hostile enchantments.
   It lets you blink.
   It prevents spellcasting.
   It makes you more stealthy.
 Z - an uncursed amulet of resist mutation
Magical devices
 d - a wand of hasting (3)
 x - a wand of digging (14)
 y - a wand of disintegration (11)
 P - a wand of polymorph (12)
 W - a wand of teleportation (1)
Scrolls
 e - a scroll of enchant armour
 h - 4 scrolls of teleportation
 j - a scroll of fog
 t - a scroll of vulnerability
 w - 6 scrolls of identify
 z - 4 scrolls of blinking
 B - 4 scrolls of remove curse
 H - 2 scrolls of immolation
 R - 4 scrolls of recharging
 S - 2 scrolls of fear
 Y - 4 scrolls of magic mapping
Potions
 i - 4 potions of invisibility
 k - 6 potions of restore abilities
 l - 5 potions of heal wounds
 q - 3 potions of might
 r - 2 potions of haste
 A - 7 potions of brilliance
 E - 4 potions of resistance
 I - 2 potions of cure mutation
 J - 5 potions of curing
 Q - 4 potions of berserk rage
 U - 5 potions of magic
 V - 2 potions of agility
Miscellaneous
 u - a stone of tremors
 F - a fan of gales
 O - a phantom mirror
 X - a fan of gales
Comestibles
 g - 8 bread rations
 n - 13 meat rations


   Skills:
 - Level 11.0 Fighting
 - Level 1.7(12.1) Short Blades
 * Level 17.7(17.8) Long Blades
 - Level 1.7 Throwing
 - Level 15.0 Dodging
 - Level 17.0 Stealth
 - Level 2.6 Spellcasting
 + Level 4.7 Hexes
 - Level 5.2 Charms
 - Level 2.9 Transmutations
 + Level 7.2 Air Magic
 - Level 3.1 Earth Magic
 - Level 13.0 Evocations


You had 2 spell levels left.
You knew the following spells:

 Your Spells              Type           Power        Failure   Level  Hunger
a - Flight                Chrm/Air       ###.......   6%          3    ###....
b - Silence               Hex/Air        ###.......   45%         5    ######.
c - Haste                 Chrm           ###.....     100%        6    #######
d - Repel Missiles        Chrm/Air       ###...       2%          2    ##.....
e - Passwall              Trmt/Erth      ##........   17%         3    ###....
f - Blink                 Tloc           N/A          30%         2    ##.....


Dungeon Overview and Level Annotations

Branches:
Dungeon (13/15) Temple (0/1) D:5 Orc (4/4) D:10 Elf (3/3) Orc:3 Lair (8/8) D:11 Shoals (5/5) Lair:6 Snake (5/5) Lair:6 Vaults (4/5) D:13 Crypt (0/3) Vaults:2 Vaults:3 Slime: Lair:6-8

Shops:
Orc:2 *   Orc:4 (!=   Vaults:2 :

Annotations:
Shoals:4 exclusion: Roxanne, Roxanne
Snake:2 Vashnia
Vaults:3 Sojobo


Innate Abilities, Weirdness & Mutations

Your attributes are resistant to harm.
You are weak. (Str -2)


Message History

* * * LOW HITPOINT WARNING * * *
You feel very sick.
* * * LOW HITPOINT WARNING * * *
You are more poisoned.
The naga ritualist completely misses you. x2
Unknown command.
Drink which item? (? for menu, Esc to quit)
Okay, then.
Drink which item? (? for menu, Esc to quit)
You feel much better.
* * * LOW HITPOINT WARNING * * *
You feel very sick.
* * * LOW HITPOINT WARNING * * *
You are more poisoned.
The naga mage barely misses you. The naga mage closely misses you.
The naga barely misses you. The naga completely misses you.
The naga mage completely misses you. x2
The naga ritualist points at you and mumbles some strange words.
The lance of force hits you!
You die...

#........#..#...#.......## #...
'........#..#...'........### #...
#........#..'...#..........# #...
#....... #..###'#..(.............
####+#####).........########. . .
..........[)....#...#......#....
.......(.####.)..)..#......#...##
........##..##.N(...#..)...#...#.
#.......#....#.(@N..#......#...#.
##.....##)...#(..N(.#...)..#...#.
.#.....#.))).#......##)#####...#.
.####..#..#))#(.....ยง..........#.
..#.##.#..#..#(................#'
.....#.#.)#.)#)..................
.....#.#..#[.()....##########....
..S..###.)#..).....#...... #....
.)#...##..#........#....... #....


You could see a naga ritualist, a naga mage and a naga.

Vanquished Creatures
  2 deep elf blademasters (Elf:3)
  2 deep elf master archers (Elf:3)
  Asterion (Shoals:4)
  Polyphemus (Shoals:4)
  2 sphinxes
  Rupert (Lair:7)
  A tengu reaver (Vaults:3)
  A fire giant (Vaults:4)
  Ilsuiw (Shoals:5)
  Maud (Lair:7)
  6 greater nagas (Snake:5)
  2 deep elf sorcerers (Elf:3)
  4 vault wardens
  A frost giant (Vaults:4)
  Jorgrun (Vaults:1)
  2 stone giants
  A very ugly thing (Vaults:3)
  6 deep elf demonologists (Elf:3)
  6 deep elf annihilators (Elf:3)
  6 deep elf death magi
  An ettin (Vaults:3)
  Snorg (Snake:3)
  2 fire dragons
  11 vault guards
  6 yaktaur captains
  6 merfolk impalers
  Josephine (Orc:4)
  6 ironheart preservers
  Fannar (Lair:6)
  4 great orbs of eyes
  17 anacondas
  2 rakshasas
  An ice dragon (Lair:7)
  2 deep elf high priests (Elf:3)
  6 naga warriors
  7 hydras
  3 centaur warriors
  12 ogre magi
  2 merfolk avatars (Shoals:5)
  19 dancing weapons
  An alligator (shapeshifter) (Vaults:2)
  A deep troll shaman (Vaults:1)
  2 shock serpents
  2 merfolk aquamancers (Shoals:5)
  12 death yaks
  A catoblepas (Shoals:4)
  2 deep troll earth magi
  4 naga sharpshooters
  The ghost of timbw the Thaumaturge, an experienced HEIE of Vehumet (Lair:1)
  A salamander mystic (Snake:5)
  16 skeletal warriors
  2 shadow wraiths
  16 deep elf knights
  5 sea snakes
  A flayed ghost (Vaults:4)
  A storm dragon skeleton (Vaults:3)
  A giant orange brain (Vaults:2)
  10 ironbrand convokers
  5 deep trolls
  7 deep elf summoners
  16 harpies
  2 unseen horrors
  A lindwurm (Lair:8)
  Pikel (D:5)
  8 hill giants
  5 naga ritualists
  2 wizards (Vaults:1)
  A faun (Shoals:2)
  13 orc knights
  18 deep elf conjurers
  A necromancer (Vaults:3)
  2 large abominations (Elf:1)
  A water nymph (Shoals:3)
  A red wasp (Vaults:2)
  3 tengu skeletons (Vaults:3)
  41 ugly things
  4 wolf spiders
  4 elephants (Lair:4)
  15 griffons
  7 salamanders (Snake:5)
  5 cyclopes
  2 mana vipers
  A centaur zombie (D:10)
  10 black mambas
  9 manticores
  4 orc sorcerers
  3 sirens
  An eye of devastation (Lair:6)
  A guardian serpent (shapeshifter) (Vaults:3)
  Joseph (Orc:1)
  14 vault sentinels
  A spiny frog (shapeshifter) (Vaults:2)
  2 molten gargoyles (Volcano)
  13 guardian serpents
  15 spiny frogs
  A gargoyle (D:11)
  5 human skeletons (Vaults:3)
  A black mamba (shapeshifter) (Vaults:1)
  6 torpor snails (Lair:8)
  12 naga magi
  9 komodo dragons
  10 fire drakes
  2 demonic crawlers (Elf:2)
  16 yaktaurs
  6 deep elf priests
  2 yaktaur skeletons (Vaults:3)
  5 freezing wraiths
  33 two-headed ogres
  2 giant leeches (Lair:8)
  10 polar bears
  9 trolls
  Sonja (Orc:2)
  14 merfolk
  A jumping spider (Vaults:4)
  10 slime creatures
  7 snapping turtles
  12 blink frogs
  7 boulder beetles
  A frost giant simulacrum (Vaults:3)
  4 redbacks
  A stone giant simulacrum (Vaults:1)
  A tarantella (shapeshifter) (Vaults:2)
  2 ettin skeletons (Vaults:3)
  5 water elementals
  A tarantella (Vaults:4)
  5 basilisks
  30 yaks
  A human (D:8)
  6 hippogriffs
  8 wyverns
  12 deep elf magi
  9 fire bats
  A wraith (D:12)
  30 deep elf fighters
  3 hogs (D:8)
  2 steam dragons
  19 water moccasins
  A soldier ant (shapeshifter) (Vaults:3)
  7 vampire mosquitoes
  A soldier ant (D:13)
  Edmund (D:5)
  14 wargs
  27 nagas
  16 wolves
  4 yellow wasps
  2 sky beasts
  12 porcupines
  13 black bears
  A slave (D:5)
  An eye of draining (Lair:6)
  5 hell hounds
  2 human zombies (Vaults:3)
  56 ogres
  11 ice beasts
  33 orc warriors
  A necrophage (D:8)
  A boggart (Vaults:1)
  3 boring beetles
  17 crocodiles
  An elf skeleton (Vaults:3)
  A big kobold (D:9)
  A yaktaur zombie (Vaults:3)
  4 brain worms (Lair:8)
  3 elf zombies (Elf:1)
  12 centaurs
  13 giant frogs
  6 scorpions
  A hippogriff zombie (D:10)
  A wight (D:8)
  A human simulacrum (Vaults:2)
  2 electric eels
  A crimson imp (D:9)
  2 goliath beetles (Elf:2)
  A jelly (D:9)
  9 iguanas
  22 hounds
  A giant frog skeleton (D:5)
  20 orc priests
  A gnoll shaman (D:4)
  31 orc wizards
  A boulder beetle simulacrum (Vaults:3)
  An orange rat (Elf:1)
  5 worker ants
  30 sheep
  2 ogre zombies
  A big kobold skeleton (D:5)
  A mummy (D:13)
  10 gnolls
  73 green rats
  33 adders
  A giant mite (D:5)
  4 shadow imps
  A steam dragon skeleton (D:9)
  16 worms (Lair:8)
  2 orc zombies
  An adder skeleton (D:8)
  3 giant geckos
  An ooze (D:5)
  142 orcs
  A ball python (D:4)
  2 bat skeletons
  16 goblins
  14 hobgoblins
  13 jackals
  14 quokkas
  11 bats
  2 giant cockroaches
  4 giant newts
  A giant spore (D:10)
  A gnoll skeleton (D:5)
  25 kobolds
  3 orc simulacra
  11 rats
  A rat skeleton (D:4)
  5 ballistomycetes
  3 fungi
  4 plants (Lair:8)
1621 creatures vanquished.

Vanquished Creatures (collateral kills)
  Agnes (Elf:3)
  A vault sentinel (Vaults:1)
  2 deep elf magi (Elf:3)
4 creatures vanquished.

Vanquished Creatures (others)
  A vault warden (Vaults:3)
  A deep troll (Vaults:1)
  A cyclops (Vaults:1)
  A yaktaur (Vaults:3)
  A human zombie (Vaults:3)
  A naga (Snake:5)
  An orc warrior (Vaults:1)
  A scorpion (D:10)
  5 sheep (D:9)
  2 orcs
  A giant newt (D:5)
  A giant spore (D:8)
  A rat (D:5)
  10 fungi
  6 plants
34 creatures vanquished.

Grand Total: 1659 creatures vanquished

Notes
Turn   | Place    | Note
--------------------------------------------------------------
     0 | D:1      | timbw, the Demigod Assassin, began the quest for the Orb.
     0 | D:1      | Reached XP level 1. HP: 17/17 MP: 2/2
    46 | D:2      | Reached skill level 4 in Stealth
   118 | D:3      | Found a basalt altar of Yredelemnul.
   231 | D:3      | Reached XP level 2. HP: 19/24 MP: 0/3
   255 | D:3      | Reached skill level 1 in Evocations
   477 | D:2      | Reached XP level 3. HP: 29/29 MP: 1/5
   753 | D:3      | Noticed a worker ant
   760 | D:3      | Killed a worker ant
   760 | D:3      | Reached skill level 1 in Long Blades
   760 | D:3      | Reached XP level 4. HP: 32/36 MP: 8/8
   957 | D:4      | Reached skill level 5 in Stealth
   962 | D:4      | Reached XP level 5. HP: 14/41 MP: 10/10
  1509 | D:4      | Reached XP level 6. HP: 48/48 MP: 10/13
  1610 | D:5      | Entered Level 5 of the Dungeon
  1770 | D:5      | Noticed Pikel
  1775 | D:5      | Killed Pikel
  1775 | D:5      | Reached skill level 6 in Stealth
  1775 | D:5      | Reached XP level 7. HP: 39/53 MP: 13/17
  1777 | D:5      | Noticed Edmund
  1925 | D:5      | Killed Edmund
  1925 | D:5      | Reached skill level 5 in Evocations
  2063 | D:5      | Reached skill level 7 in Stealth
  2063 | D:5      | Reached XP level 8. HP: 47/60 MP: 19/19
  2099 | D:5      | Found a staircase to the Ecumenical Temple.
  2183 | D:5      | Reached skill level 5 in Long Blades
  2251 | D:6      | Noticed a hill giant
  2324 | D:6      | Killed a hill giant
  2588 | D:8      | Reached skill level 8 in Stealth
  2829 | D:8      | Reached XP level 9. HP: 55/67 MP: 19/22
  2837 | D:8      | Noticed a two-headed ogre
  2837 | D:8      | Noticed a troll
  2839 | D:8      | Killed a troll
  2845 | D:8      | Killed a two-headed ogre
  2961 | D:8      | Reached skill level 1 in Dodging
  2991 | D:8      | Noticed a hill giant
  3089 | D:8      | Killed a hill giant
  3089 | D:8      | Reached skill level 9 in Stealth
  3556 | D:8      | Reached XP level 10. HP: 51/73 MP: 24/24
  4064 | D:9      | Reached skill level 10 in Stealth
  4144 | D:9      | Found a shimmering altar of Xom.
  4189 | D:9      | Found a snail-covered altar of Cheibriados.
  4217 | D:10     | Entered Level 10 of the Dungeon
  4290 | D:10     | Noticed a deep elf knight
  4319 | D:10     | Killed a deep elf knight
  4435 | D:10     | Noticed a hill giant
  4444 | D:10     | Killed a hill giant
  4444 | D:10     | Reached skill level 5 in Dodging
  4495 | D:10     | Noticed a hill giant
  4551 | D:10     | Killed a hill giant
  4717 | D:10     | Found a staircase to the Orcish Mines.
  4862 | D:11     | Noticed a hill giant
  4872 | D:11     | Killed a hill giant
  4879 | D:11     | Noticed an unseen horror
  4895 | D:11     | Noticed a green ugly thing
  4930 | D:11     | HP: 3/73 [poisoned by a green ugly thing]
  4936 | D:11     | HP: 2/73 [poisoned by a green ugly thing]
  4942 | D:11     | HP: 1/73 [poisoned by a green ugly thing]
  4947 | D:11     | HP: 1/73 [poisoned by a green ugly thing]
  4953 | D:11     | HP: 2/73 [poisoned by a green ugly thing]
  5069 | D:11     | Noticed a hill giant
  5080 | D:11     | Killed a hill giant
  5080 | D:11     | Reached skill level 11 in Stealth
  5080 | D:11     | Reached XP level 11. HP: 58/79 MP: 23/25
  5210 | D:11     | Found a staircase to the Lair.
  5273 | Lair:1   | Entered Level 1 of the Lair of Beasts
  5315 | Lair:1   | Noticed a six-headed hydra
  5325 | Lair:1   | Killed a six-headed hydra
  5477 | Lair:1   | Noticed timbw's ghost (experienced HEIE)
  5490 | Lair:1   | Killed timbw's ghost
  6179 | Lair:3   | Reached skill level 10 in Long Blades
  6414 | Lair:3   | Identified a scroll of acquirement
  7005 | Lair:3   | Reached skill level 5 in Fighting
  7193 | Lair:4   | Reached skill level 12 in Stealth
  7195 | Lair:4   | Reached XP level 12. HP: 50/94 MP: 26/26
  7465 | Lair:4   | Found a dark tunnel.
  7481 | Volcano  | Entered a volcano
  7488 | Volcano  | Learned a level 3 spell: Flight
  7526 | Volcano  | Found a radiant altar of Vehumet.
  7526 | Volcano  | Noticed a fire dragon
  7532 | Volcano  | Killed a fire dragon
  7830 | Lair:4   | Noticed a death yak
  7834 | Lair:4   | Noticed a death yak
  7838 | Lair:4   | Noticed a death yak
  7840 | Lair:4   | Killed a death yak
  7841 | Lair:4   | Killed a death yak
  7843 | Lair:4   | Killed a death yak
  7932 | Lair:4   | Noticed a four-headed hydra
  7937 | Lair:4   | Killed a four-headed hydra
  8636 | Lair:5   | Reached skill level 13 in Stealth
  8643 | Lair:5   | Reached XP level 13. HP: 105/105 MP: 27/27
  8766 | Lair:5   | Got a twitching amber ring
  8768 | Lair:5   | Identified the ring of Impatience {-Cast +Blink MR+ Slay-3 Stlth+} (You found it on level 5 of the Lair of Beasts)
  9135 | Lair:6   | Noticed Fannar
  9148 | Lair:6   | Killed Fannar
  9214 | Lair:6   | Found a staircase to the Shoals.
  9463 | Lair:6   | Found a staircase to the Snake Pit.
  9485 | Lair:7   | Noticed Maud
  9497 | Lair:7   | Killed Maud
  9748 | Lair:7   | Found a frozen archway.
  9781 | IceCv    | Entered an ice cave
 10529 | Lair:7   | Reached skill level 10 in Dodging
 10906 | Lair:8   | Entered Level 8 of the Lair of Beasts
 11003 | Lair:7   | Noticed Rupert
 11739 | Lair:8   | Reached XP level 14. HP: 92/118 MP: 29/29
 11880 | Lair:8   | Got a brightly glowing leather armour
 11891 | Lair:8   | Identified the +0 leather armour of the Evening {MR+} (You found it on level 8 of the Lair of Beasts)
 11974 | Lair:8   | Got an encrusted short sword
 11975 | Lair:8   | Identified the +4 short sword "timbw's Foe" {pierce, Str+2} (You found it on level 8 of the Lair of Beasts)
 12125 | Lair:8   | Reached skill level 14 in Stealth
 13085 | Lair:7   | Killed Rupert
 13225 | Shoals:1 | Entered Level 1 of the Shoals
 13594 | Shoals:4 | Noticed Polyphemus
 14030 | Shoals:4 | Killed Polyphemus
 14108 | Shoals:5 | Entered Level 5 of the Shoals
 14306 | Shoals:4 | Noticed Asterion
 14328 | Shoals:4 | Killed Asterion
 14364 | Shoals:5 | Reached skill level 10 in Evocations
 14372 | Shoals:5 | Noticed Ilsuiw
 14378 | Shoals:5 | Killed Ilsuiw
 14552 | Shoals:5 | Reached XP level 15. HP: 101/124 MP: 31/31
 14827 | Shoals:5 | Identified Vehumet's Tome of Combat Magic (You found it on level 5 of the Shoals)
 14876 | Shoals:4 | Noticed Roxanne
 15074 | Shoals:5 | Reached skill level 15 in Stealth
 15442 | Shoals:5 | Got an ancient dagger
 15443 | Shoals:5 | Identified the +11 dagger of Edaenug {pierce, MR+} (You found it on level 5 of the Shoals)
 15498 | Shoals:5 | HP: 1/124 [merfolk/trident (18)]
 15883 | Shoals:5 | Got a barnacled rune of Zot
 16108 | Shoals:1 | Learned a level 5 spell: Silence
 16115 | Shoals:1 | Learned a level 6 spell: Haste
 16455 | Orc:1    | Entered Level 1 of the Orcish Mines
 16467 | Orc:1    | Noticed Joseph
 16479 | Orc:1    | Killed Joseph
 16537 | Orc:2    | Found Pnuung's General Store.
 16540 | Orc:2    | Noticed Sonja
 16568 | Orc:2    | Killed Sonja
 16593 | Orc:2    | Bought a potion of heal wounds for 39 gold pieces
 17530 | Orc:1    | Found a roughly hewn altar of Beogh.
 17599 | Orc:3    | Found a staircase to the Elven Halls.
 17676 | Orc:4    | Entered Level 4 of the Orcish Mines
 17682 | Orc:4    | Noticed Josephine
 17696 | Orc:4    | Killed Josephine
 17994 | Orc:4    | Found Xapen's Book Shoppe.
 17994 | Orc:4    | Found Xeocy's Jewellery Boutique.
 17994 | Orc:4    | Found Millir's Antique Weapon Shop.
 17994 | Orc:4    | Found Daqiqas' Distillery.
 18293 | Orc:4    | Bought an uncursed amulet of resist corrosion for 280 gold pieces
 18295 | Orc:4    | Bought 2 potions of heal wounds for 72 gold pieces
 18301 | Orc:4    | Bought the amulet of Veafum {Ward rN+ Int+1 SInv} for 396 gold pieces
 18303 | Orc:4    | Bought an encrusted great sword for 368 gold pieces
 18304 | Orc:4    | Identified the cursed +10 great sword of the Land of Plenty {slice, rN+ MR+} (You bought it in a shop on level 4 of the Orcish Mines)
 18603 | Elf:1    | Entered Level 1 of the Elven Halls
 18967 | Elf:1    | Identified the Volume of Dark Secrets
 19390 | Elf:2    | Reached XP level 16. HP: 132/132 MP: 33/33
 19565 | Elf:2    | Reached skill level 16 in Stealth
 19824 | Elf:3    | Entered Level 3 of the Elven Halls
 19961 | Elf:3    | Noticed Agnes
 19972 | Elf:3    | Killed Agnes
 20533 | Elf:3    | Noticed a Brimstone Fiend
 20689 | Elf:3    | Noticed an Ice Fiend
 20891 | Elf:3    | Noticed a deep elf blademaster
 20895 | Elf:3    | Noticed a deep elf master archer
 20901 | Elf:3    | Killed a deep elf blademaster
 20904 | Elf:3    | Killed a deep elf master archer
 21033 | Elf:3    | Noticed a deep elf blademaster
 21155 | Elf:3    | Killed a deep elf blademaster
 21255 | Elf:3    | Noticed a deep elf master archer
 21294 | Elf:3    | Killed a deep elf master archer
 21311 | Elf:3    | Got a fine dagger
 21493 | Elf:1    | Upgraded the game from 0.16-a0-1784-gf5591c9 to 0.16-a0-1794-gf7beed7
 21704 | Orc:2    | Bought a potion of cure mutation for 455 gold pieces
 21884 | D:11     | Killed a purple ugly thing
 22025 | D:12     | Reached skill level 15 in Long Blades
 22052 | D:12     | Reached XP level 17. HP: 129/137 MP: 34/34
 22112 | D:13     | Learned a level 2 spell: Repel Missiles
 22116 | D:13     | Found a gate to the Vaults.
 22273 | Vaults:1 | Entered Level 1 of the Vaults
 22342 | Vaults:1 | Reached skill level 1 in Spellcasting
 22456 | Vaults:1 | Found a flickering gateway to a bazaar.
 22462 | Bazaar   | Entered a bazaar
 22465 | Bazaar   | Found Ceaq's Weapon Boutique.
 22482 | Bazaar   | Found Jaduid's Weapon Boutique.
 22483 | Bazaar   | Found Gais' Gadget Boutique.
 22510 | Bazaar   | Found Maqeizi's Jewellery Shop.
 22524 | Bazaar   | Bought a cursed ring of teleportation for 188 gold pieces
 22571 | Bazaar   | Bought 6 needles of paralysis for 50 gold pieces
 22573 | Bazaar   | Bought a +7 blowgun for 553 gold pieces
 22734 | Vaults:2 | Reached skill level 17 in Stealth
 22810 | Vaults:2 | Learned a level 3 spell: Passwall
 22814 | Vaults:2 | Learned a level 2 spell: Blink
 22919 | Vaults:2 | Reached skill level 1 in Charms
 23540 | Vaults:1 | Got a slimy plate armour
 23555 | Vaults:1 | Identified the +3 plate armour of the Skies Above {Slay+5} (You found it on level 1 of the Vaults)
 23608 | Vaults:1 | Reached skill level 1 in Air Magic
 23629 | Vaults:1 | Noticed Jorgrun
 23654 | Vaults:1 | Killed Jorgrun
 24437 | Vaults:3 | Noticed Sojobo
 24630 | Vaults:3 | Found a staircase to the Crypt.
 24653 | Vaults:3 | Reached XP level 18. HP: 90/146 MP: 35/35
 24869 | Vaults:3 | Gained mutation: You are weak. (Str -2) [a shining eye]
 25418 | Vaults:4 | Reached skill level 15 in Dodging
 25560 | Vaults:4 | Reached skill level 1 in Earth Magic
 25832 | Vaults:3 | Reached skill level 1 in Transmutations
 25963 | Vaults:3 | Reached skill level 10 in Fighting
 26273 | Vaults:2 | Found Schoamial's Book Boutique.
 26315 | Vaults:2 | Bought a book of Necromancy for 570 gold pieces
 26392 | Vaults:2 | Found a staircase to the Crypt.
 26392 | Vaults:2 | Found an ancient bone altar of Kikubaaqudgha.
 26393 | Vaults:2 | Found a basalt altar of Yredelemnul.
 26509 | Vaults:2 | Reached skill level 5 in Charms
 26509 | Vaults:2 | Reached skill level 5 in Air Magic
 26785 | Vaults:2 | Reached skill level 1 in Hexes
 27129 | D:11     | Killed an unseen horror
 27398 | Snake:1  | Entered Level 1 of the Snake Pit
 27523 | Snake:1  | Got a crude helmet
 27534 | Snake:1  | Identified the +4 helmet of the Forgotten Dances {Str+2 Int+1} (You acquired it on level 1 of the Snake Pit)
 27891 | Snake:2  | Noticed Vashnia
 27926 | Snake:3  | Noticed Snorg
 27935 | Snake:3  | Killed Snorg
 28028 | Snake:4  | Reached XP level 19. HP: 131/156 MP: 36/36
 28097 | Snake:5  | Entered Level 5 of the Snake Pit
 28209 | Snake:5  | Found a stormy altar of Qazlal.
 29921 | Snake:5  | HP: 7/157 [poisoned by a greater naga (bolt of poison)]
 29921 | Snake:5  | HP: 3/157 [greater naga (4)]
 30132 | Snake:5  | HP: 2/157 [naga ritualist/Olgreb's Toxic Radiance (7)]
 30133 | Snake:5  | Killed from afar by a naga ritualist

Action                   |  1- 3 |  4- 6 |  7- 9 | 10-12 | 13-15 | 16-18 | 19-21 || total
-------------------------+-------+-------+-------+-------+-------+-------+-------++-------
Melee: Dagger            |    71 |    34 |    38 |   626 |  1020 |   175 |    11 ||  1975
       Falchion          |    32 |    90 |   201 |   290 |       |       |       ||   613
       Scimitar          |       |       |       |       |   680 |       |       ||   680
       Great sword       |       |       |       |       |   885 |  1656 |   424 ||  2965
       Unarmed           |       |       |       |       |     6 |       |       ||     6
 Fire: Blowgun           |     4 |    14 |    42 |    22 |    37 |    14 |       ||   133
Throw: Throwing net      |       |       |     2 |       |     1 |     2 |       ||     5
 Cast: Repel Missiles    |       |       |       |       |       |     3 |     1 ||     4
       Blink             |       |       |       |       |       |     2 |       ||     2
       Passwall          |       |       |       |       |       |       |     3 ||     3
 Abil: Evoke Invisibilit |     3 |     4 |     6 |    22 |    36 |    19 |     2 ||    92
       Evoke Flight      |       |       |       |       |    17 |     3 |       ||    20
       Evoke Teleportati |       |       |       |       |       |     4 |       ||     4
Evoke: Wand              |       |       |       |     7 |     9 |     4 |     2 ||    22
       Phantom mirror    |       |       |       |       |     1 |       |       ||     1
       Fan of gales      |       |       |       |       |       |     2 |       ||     2
  Use: Scroll            |     3 |     3 |     2 |    15 |    29 |    14 |     4 ||    70
       Potion            |       |       |       |     3 |     6 |     2 |     2 ||    13
 Stab: Invisible         |     5 |     7 |     6 |    26 |    79 |    85 |     9 ||   217
       Sleeping          |     2 |    11 |    22 |    93 |   114 |    65 |     3 ||   310
       Distracted        |     1 |     1 |       |       |    11 |    12 |     3 ||    28
       Held in net/web   |       |       |     3 |       |       |     1 |       ||     4
       Paralysed         |       |       |       |     3 |     5 |       |       ||     8
       Fleeing           |       |       |       |     1 |     1 |       |       ||     2
  Eat: Chunk             |     1 |     4 |     7 |    29 |    48 |    27 |     1 ||   117
       Fruit             |       |     2 |       |       |       |       |       ||     2
       Pizza             |       |       |     2 |     4 |       |       |       ||     6
       Bread ration      |       |       |       |     1 |       |     2 |     2 ||     5
       Royal jelly       |       |       |       |       |     6 |     6 |       ||    12
       Beef jerky        |       |       |       |       |     3 |     2 |       ||     5
